[Event "Late-Titled-Tuesday-Blitz-February-13-2024"]
[Site "Chess.com"]
[Date "2024.02.13"]
[Round "5"]
[White "picturesquecheck"]
[Black "GlavkonVVS"]
[Result "0-1"]
[WhiteElo "2405"]
[BlackElo "2570"]
[TimeControl "180+1"]
[EndTime "14:53:52 PST"]
[Termination "GlavkonVVS won by resignation"]

1. e4 Nf6 2. e5 Nd5 3. c4 Nb6 4. a4 a5 5. d4 d6 6. Nf3 Bg4 7. Be2 e6 8. O-O Be7 9. b3 Nc6 10. Bb2 dxe5 11. dxe5 O-O 12. h3 Bf5 13. Nc3 Nb4 14. Nd4 Bg6 15. Bf3 Nd3 16. Bxb7 Nxb2 17.
Qg4 h5 18. Qf4 Nd3 19. Qe3 Bc5 20. Nxe6 fxe6 21. Qg3 Kh7 22. Bxa8 Qxa8 23. Kh2 Bd4 24. Nb5 Bxe5 25. f4 Rxf4 0-1

[Event "Late-Titled-Tuesday-Blitz-February-13-2024"]
[Site "Chess.com"]
[Date "2024.02.13"]
[Round "5"]
[White "OneTrickPony_82"]
[Black "Kirill_Klukin"]
[Result "0-1"]
[WhiteElo "2576"]
[BlackElo "2824"]
[TimeControl "180+1"]
[EndTime "14:53:54 PST"]
[Termination "Kirill_Klukin won by resignation"]

1. d4 Nf6 2. c4 g6 3. Nc3 Bg7 4. e4 O-O 5. Nf3 d6 6. Be2 Na6 7. O-O e5 8. Be3 Ng4 9. Bg5 Qe8 10. h3 f6 11. Bc1 Nh6 12. c5 exd4 13.
Nxd4 Nxc5 14. b4 Ne6 15. Nd5 Nxd4 16. Qxd4 Qf7 17. Bc4 Be6 18. Bxh6 Bxh6 19. f4 f5 20. exf5 gxf5 21. Rf3 Bg7 22. Rg3 Kh8 23. Rxg7 Qxg7 24. Qxg7+ Kxg7 25. Nxc7 Bxc4 26. Nxa8 Rxa8 27. Rc1 d5 0-1

[Event "Late-Titled-Tuesday-Blitz-February-13-2024"]
[Site "Chess.com"]
[Date "2024.02.13"]
[Round "5"]
[White "Sacbutt"]
[Black "boguszp"]
[Result "1-0"]
[WhiteElo "2320"]
[BlackElo "2010"]
[TimeControl "180+1"]
[EndTime "14:54:02 PST"]
[Termination "Sacbutt won by checkmate"]

1. d4 d5 2. c4 c6 3. Nf3 Nf6 4. Nc3 e6 5. e3 Nbd7 6. Bd3 dxc4 7. Bxc4 b5 8. Be2 a6 9. O-O Bb7 10. a3 c5 11. dxc5 Bxc5 12. b4 Bb6 13. Bb2 O-O 14. Qb3 Qe7 15. Rfd1 Rac8 16. Rac1 Rfd8 17. a4 Nd5 18. axb5 axb5 19. Nxb5 Nxe3 20. Rxc8 Rxc8 21. fxe3 Bxe3+ 22. Qxe3 Nf6 23. Nd6 Nd5 24. Nxc8 Qxb4 25. Qc1 h6 26. Ba3 Qg4 27. Ne7+ Nxe7 28. Bxe7 h5 29. Rd8+ Kh7 30. Ng5+ Kg6 31. Bxg4 hxg4 32. Qb1+ f5 33. Qxb7 Kh5 34. Nxe6 Kg6 35. Nf4+ Kh7 36.
Bf6 Kh6 37. Qxg7# 1-0

[Event "Late-Titled-Tuesday-Blitz-February-13-2024"]
[Site "Chess.com"]
[Date "2024.02.13"]
[Round "5"]
[White "andjela_djidjika"]
[Black "fmcabralis"]
[Result "1-0"]
[WhiteElo "2115"]
[BlackElo "2231"]
[TimeControl "180+1"]
[EndTime "14:54:09 PST"]
[Termination "andjela_djidjika won by resignation"]

1. e4 c5 2. Nf3 Nc6 3. Bb5 Nf6 4. Nc3 Nd4 5. e5 Nxb5 6. Nxb5 Nd5 7. O-O g6 8. c4 Nb6 9. d4 cxd4 10. Qxd4 a6 11. Nc3 Rb8 12. c5 Na8 13. e6 f6 14.
Bf4 Nc7 15. exd7+ Bxd7 16. Rfe1 Rc8 17. Qxf6 Rg8 18. Ne4 Ne6 19. Nd6+ exd6 20. Rxe6+ Be7 21. cxd6 Bxe6 22. Qxe6 Rg7 23. dxe7 Rxe7 24. Qg8+ Kd7 25. Rd1+ Kc6 26. Rxd8 1-0

[Event "Late-Titled-Tuesday-Blitz-February-13-2024"]
[Site "Chess.com"]
[Date "2024.02.13"]
[Round "5"]
[White "trriinu"]
[Black "LogoCzar"]
[Result "1/2-1/2"]
[WhiteElo "2251"]
[BlackElo "2392"]
[TimeControl "180+1"]
[EndTime "14:54:12 PST"]
[Termination "Game drawn by repetition"]

1. e4 c5 2. Nf3 d6 3. Bb5+ Nd7 4.
O-O Nf6 5. Re1 e6 6. c3 Be7 7. d4 cxd4 8. cxd4 O-O 9. Nc3 a6 10.
Bf1 b5 11. e5 Nd5 12. Nxd5 exd5 13. e6 fxe6 14. Rxe6 Nf6 15. Re1 Ne4 16. Bd3 Bg4 17. Bxe4 dxe4 18. Rxe4 Bxf3 19. gxf3 d5 20. Rg4 Bd6 21.
Bh6 Rf7 22. Kh1 Qf6 23. Qd3 Kh8 24. Be3 Qxf3+ 25. Rg2 Raf8 26. Rg1 Rf5 27. Qd1 Qh3 28. Qg4 Qxg4 29. Rxg4 g6 30. Rc1 Rh5 31. Rg2 Rf3 32.
Rc6 Bf4 33. Rxa6 Bxe3 34. fxe3 Rxe3 35. Rb6 Rd3 36. Rxb5 Rxd4 37. Rb7 Rd1+ 38. Rg1 Rd2 39. Rg2 Rd1+ 40. Rg1 Rd2 41. Rg2 Rd1+ 1/2-1/2

[Event "Late-Titled-Tuesday-Blitz-February-13-2024"]
[Site "Chess.com"]
[Date "2024.02.13"]
[Round "5"]
[White "nindjaxx8"]
[Black "Burgsvik"]
[Result "0-1"]
[WhiteElo "2551"]
[BlackElo "2324"]
[TimeControl "180+1"]
[EndTime "14:54:13 PST"]
[Termination "Burgsvik won by resignation"]

1. d4 c5 2. e3 e6 3. Nf3 f5 4. Be2 Nf6 5. O-O b6 6. b3 Bb7 7. Bb2 Be7 8. Nbd2 O-O 9. dxc5 bxc5 10. c4 Be4 11. Qc1 Nc6 12. Rd1 Qc7 13. h3 Rad8 14.
Bc3 d5 15. cxd5 exd5 16. Qb2 Bd6 17. Rac1 Qe7 18. Nxe4 fxe4 19. Ne1 d4 20. exd4 cxd4 21. Bxd4 Nxd4 22. Rxd4 Ba3 23. Bc4+ Kh8 24. Qc3 Rxd4 25. Rc2 Rfd8 26. Re2 Bb4 27. Qe3 Rd1 28. Kh2 Qe5+ 29. g3 Bc5 30. Nf3 Qa1 0-1

[Event "Late-Titled-Tuesday-Blitz-February-13-2024"]
[Site "Chess.com"]
[Date "2024.02.13"]
[Round "5"]
[White "UK_23"]
[Black "zano2023"]
[Result "0-1"]
[WhiteElo "2338"]
[BlackElo "2151"]
[TimeControl "180+1"]
[EndTime "14:54:13 PST"]
[Termination "zano2023 won by resignation"]

1. e4 e5 2. Nf3 d6 3. d4 f5 4.
dxe5 fxe4 5. Ng5 d5 6. e6 Nh6 7. Nc3 c6 8. Qh5+ g6 9. Qh3 Qf6 10.
Bd2 Nf5 11. O-O-O h6 12. Ngxe4 dxe4 13. Nxe4 Qxe6 14. Bc3 Bg7 15. Bxg7 Nxg7 16. Nd6+ Kd7 17. Nf7+ Kc7 18. Qg3+ Kb6 19. Nxh8 Nf5 20. Nxg6 Nxg3 0-1

[Event "Late-Titled-Tuesday-Blitz-February-13-2024"]
[Site "Chess.com"]
[Date "2024.02.13"]
[Round "5"]
[White "aghasiyevkamal"]
[Black "KNVB"]
[Result "1-0"]
[WhiteElo "2668"]
[BlackElo "2848"]
[TimeControl "180+1"]
[EndTime "14:54:17 PST"]
[Termination "aghasiyevkamal won by checkmate"]

1. d4 e5 2. dxe5 Nc6 3. Nf3 Qe7 4.
e4 Nxe5 5. Be2 Nf6 6. Nc3 d6 7. Bg5 c6 8. O-O h6 9. Bh4 Ng6 10. Bg3 Nh5 11. Nd4 Nxg3 12. hxg3 Qc7 13. Bg4 Be7 14. Bxc8 Rxc8 15. Nf5 O-O 16. Qg4 Bf6 17. Rad1 Rcd8 18. Kh2 Ne5 19. Nxh6+ Kh7 20. Qf5+ Kxh6 21. Rh1 Bh4 22. Kg1 g5 23. Qf6+ Ng6 24. gxh4 g4 25. h5 Qe7 26. hxg6# 1-0

[Event "Late-Titled-Tuesday-Blitz-February-13-2024"]
[Site "Chess.com"]
[Date "2024.02.13"]
[Round "5"]
[White "Yurovskykh_Oleksandr"]
[Black "temus_galaktionov"]
[Result "0-1"]
[WhiteElo "2689"]
[BlackElo "2903"]
[TimeControl "180+1"]
[EndTime "14:54:18 PST"]
[Termination "temus_galaktionov won on time"]

1. d4 c6 2. Bf4 g6 3. e3 d6 4. Nf3 Bg7 5. Be2 Nd7 6. h3 e5 7. Bh2 Qe7 8. O-O Ngf6 9. c4 O-O 10.
Nc3 Re8 11. Qc2 h5 12. Rfd1 e4 13. Nd2 Nf8 14. b4 g5 15. c5 d5 16. b5 Ng6 17.
bxc6 bxc6 18. Qa4 Qd7 19. Nb3 g4 20. Na5 Qf5 21. hxg4 Nxg4 22. Bxg4 Qxg4 23. Qxc6 Be6 24. Qc7 h4 25. Rd2 Rac8 26. Qb7 h3 27. Bg3 hxg2 28.
Kxg2 Qh3+ 29. Kg1 Bg4 0-1

[Event "Late-Titled-Tuesday-Blitz-February-13-2024"]
[Site "Chess.com"]
[Date "2024.02.13"]
[Round "5"]
[White "SmirnovTimofey2000"]
[Black "igorknyazev"]
[Result "0-1"]
[WhiteElo "1974"]
[BlackElo "2188"]
[TimeControl "180+1"]
[EndTime "14:54:21 PST"]
[Termination "igorknyazev won by checkmate"]

1. d4 Nf6 2. Bf4 c5 3. e3 d5 4. c3 Qb6 5. Qb3 c4 6. Qc2 g6 7. Nd2 Bf5 8. Qc1 Bg7 9. Ngf3 Nc6 10. h3 O-O 11. Ne5 Nxe5 12. Bxe5 a5 13. a4 Qc6 14.
Nf3 Ne4 15. Bxg7 Kxg7 16. Ne5 Qb6 17. g4 Be6 18. Bg2 Nd6 19. O-O f6 20. Nf3 Ra6 21. Nd2 Qc6 22. Qc2 Rb6 23. e4 f5 24. exd5 Bxd5 25.
Bxd5 Qxd5 26. f3 fxg4 27. hxg4 h5 28. gxh5 Qg5+ 29. Kh1 Qxh5+ 30. Kg1 Qg5+ 31. Kh1 Rh8# 0-1

[Event "Late-Titled-Tuesday-Blitz-February-13-2024"]
[Site "Chess.com"]
[Date "2024.02.13"]
[Round "5"]
[White "johnmez"]
[Black "Nf3c5"]
[Result "0-1"]
[WhiteElo "2295"]
[BlackElo "2544"]
[TimeControl "180+1"]
[EndTime "14:54:22 PST"]
[Termination "Nf3c5 won by resignation"]

1. d4 Nf6 2. c4 e6 3. Nc3 Bb4 4. e3 O-O 5. Bd3 d5 6. a3 Bxc3+ 7. bxc3 dxc4 8. Bxc4 c5 9. Nf3 Qc7 10. Bd3 cxd4 11. cxd4 Qc3+ 12. Qd2 Qxa1 13. O-O Bd7 14.
e4 Rc8 15. e5 Nd5 16. Bxh7+ Kxh7 17. Ng5+ Kg8 18. Qd3 Rxc1 19. h4 Rxf1+ 20. Kh2 Rh1+ 21. Kg3 Qc3 0-1

[Event "Late-Titled-Tuesday-Blitz-February-13-2024"]
[Site "Chess.com"]
[Date "2024.02.13"]
[Round "5"]
[White "lluiss"]
[Black "The_Straightforward_Rook"]
[Result "0-1"]
[WhiteElo "2157"]
[BlackElo "2444"]
[TimeControl "180+1"]
[EndTime "14:54:23 PST"]
[Termination "The_Straightforward_Rook won by resignation"]

1. e4 c6 2. d4 d5 3. exd5 cxd5 4. Bd3 Nc6 5. c3 Qc7 6. h3 e5 7. dxe5 Nxe5 8. Nf3 Nxd3+ 9. Qxd3 Nf6 10. O-O Be7 11. Bg5 Be6 12. Nd4 O-O 13. Re1 Ne4 14. Bxe7 Qxe7 15. f3 Nc5 16. Qb5 b6 17. Nd2 Qf6 18. Qe2 Rfe8 19. Qf2 h5 20. N2b3 Nd3 21. Qg3 Nxe1 22. Rxe1 Bd7 23. Rf1 h4 24. Qc7 Be6 25. a4 Qg5 26. Kh1 Bf5 27. a5 bxa5 28. Nxa5 Bd3 29.
Rg1 Re7 30. Qc6 Rae8 31. Qd6 Re1 32. Rxe1 Rxe1+ 33. Kh2 Bf1 34. Qd8+ Qxd8 0-1

[Event "Late-Titled-Tuesday-Blitz-February-13-2024"]
[Site "Chess.com"]
[Date "2024.02.13"]
[Round "5"]
[White "dropstoneDP"]
[Black "DmitryMaximov"]
[Result "1-0"]
[WhiteElo "3041"]
[BlackElo "2737"]
[TimeControl "180+1"]
[EndTime "14:54:24 PST"]
[Termination "dropstoneDP won by resignation"]

1. e4 c5 2. Nf3 d6 3. d4 cxd4 4. Nxd4 Nf6 5. Nc3 a6 6. Be2 e5 7.
Nb3 Be7 8. O-O O-O 9. Qd3 b6 10. a4 Nbd7 11. Be3 Bb7 12. Nd2 Qc7 13. Nc4 Nxe4 14. Nxe4 d5 15. Rfd1 Rfd8 16. Ng5 Bxg5 17.
Bxg5 f6 18. Be3 dxc4 19. Qxc4+ Qxc4 20. Bxc4+ Kf8 21. Rd6 Rac8 22. Be6 Ke7 23. Rad1 Rc7 24. Bxb6 Nxb6 25. Rxd8 Rxc2 26. Bf5 Rxb2 27. a5 Nd5 28. Rd7+ Ke8 29. Rxb7 Rxb7 30. Rxd5 g6 31. Bd3 1-0

[Event "Late-Titled-Tuesday-Blitz-February-13-2024"]
[Site "Chess.com"]
[Date "2024.02.13"]
[Round "5"]
[White "N_Mullodzhanov"]
[Black "HanSchut"]
[Result "1-0"]
[WhiteElo "2506"]
[BlackElo "2266"]
[TimeControl "180+1"]
[EndTime "14:54:25 PST"]
[Termination "N_Mullodzhanov won by resignation"]

1. e4 c5 2. c3 g6 3. d4 cxd4 4. cxd4 d5 5. e5 Nc6 6. Nc3 Nh6 7. Nf3 Bg4 8. Bb5 Rc8 9. h3 Bxf3 10. Qxf3 Nf5 11. Be3 Nxe3 12. fxe3 Bh6 13. O-O O-O 14. Nxd5 a6 15. Bxc6 Rxc6 16. Rac1 Rxc1 17. Rxc1 Kh8 18.
Kh2 e6 19. Nf4 Qb6 20. b3 Qb4 21. Rc7 b5 22. Ra7 Qa5 23. Qe2 Qb6 24. Rd7 Qc6 25.
Rd6 Qc1 26. Qf2 Rc8 27. Rd7 Kg8 28. Nxe6 f5 29. exf6 Qxe3 30. f7+ Kh8 31. Qf6+ 1-0

[Event "Late-Titled-Tuesday-Blitz-February-13-2024"]
[Site "Chess.com"]
[Date "2024.02.13"]
[Round "5"]
[White "Antipov_Mikhail_Al"]
[Black "Sl4werThanYou"]
[Result "1-0"]
[WhiteElo "2973"]
[BlackElo "2665"]
[TimeControl "180+1"]
[EndTime "14:54:30 PST"]
[Termination "Antipov_Mikhail_Al won by checkmate"]

1. e4 e6 2. d4 d5 3. Nd2 c5 4. Ngf3 cxd4 5. exd5 Qxd5 6. Bc4 Qd6 7. Ne4 Qb4+ 8. Nfd2 Nc6 9. O-O Be7 10. Qg4 g6 11. Qf4 Qa5 12. Nd6+ Bxd6 13. Qxd6 Qe5 14. Qa3 Qa5 15. Qd3 Nf6 16. Nb3 Qf5 17. Qxf5 gxf5 18.
Bb5 Bd7 19. Bxc6 Bxc6 20. Nxd4 Bd5 21. f3 a6 22. Re1 O-O 23. b3 b5 24. Bb2 Kg7 25. Rad1 Kg6 26. Kf2 Rfc8 27. Rd2 b4 28. Ne2 Bc6 29. Nf4+ Kg5 30. h4+ Kh6 31. Bxf6 a5 32. g4 a4 33. g5# 1-0

[Event "Late-Titled-Tuesday-Blitz-February-13-2024"]
[Site "Chess.com"]
[Date "2024.02.13"]
[Round "5"]
[White "Mariia89"]
[Black "ArtemDyachuk"]
[Result "0-1"]
[WhiteElo "2250"]
[BlackElo "2621"]
[TimeControl "180+1"]
[EndTime "14:54:31 PST"]
[Termination "ArtemDyachuk won by resignation"]

1. d4 d5 2. c4 e6 3. Nc3 Nf6 4.
Nf3 Nbd7 5. Bg5 Be7 6. e3 c6 7.
Bd3 O-O 8. O-O h6 9. Bh4 dxc4 10. Bxc4 b5 11. Bd3 a6 12. Qe2 c5 13. Rfd1 c4 14.
Bc2 Bb7 15. Rac1 Nb6 16. Bxf6 Bxf6 17. e4 b4 18. Na4 Nxa4 19. Bxa4 Qa5 20. Bc2 Rac8 21.
Bb1 Qb5 22. Qc2 c3 23. e5 g6 24. exf6 Bxf3 25. gxf3 Qg5+ 26. Kh1 Qxf6 27. bxc3 Qxf3+ 28. Kg1 Rxc3 29. Qe4 Qh5 30. Re1 Rxc1 31. Rxc1 Qg5+ 32. Kf1 Qxc1+ 33. Kg2 Qg5+ 34. Kf1 Qd5 35. Qh4 Rc8 0-1

[Event "Late-Titled-Tuesday-Blitz-February-13-2024"]
[Site "Chess.com"]
[Date "2024.02.13"]
[Round "5"]
[White "ritanovikova"]
[Black "Canal_Showdrez"]
[Result "1-0"]
[WhiteElo "2221"]
[BlackElo "2060"]
[TimeControl "180+1"]
[EndTime "14:54:32 PST"]
[Termination "ritanovikova won by resignation"]

1. e4 c5 2. Nc3 Nc6 3. d3 d6 4. Be3 e5 5. Qd2 Nd4 6. Nd1 Ne7 7. c3 Ne6 8. g3 f5 9. Bg2 h6 10.
f4 fxe4 11. dxe4 exf4 12. gxf4 Nc6 13. Nf2 Bd7 14. O-O-O Qa5 15. Kb1 Be7 16. f5 Nc7 17. Ne2 Ne5 18. Nf4 O-O-O 19. Nd5 Nxd5 20. Qxd5 Bc6 21. Qb3 Ba4 22. Qe6+ Bd7 23. Qxe7 Nc4 24. Bc1 Rhe8 25. Qf7 Ne5 26. Qb3 Ba4 27. Qd5 Bxd1 28. Rxd1 Qa6 29. Nd3 Nc4 30. Nf4 Re5 31. Qd3 b5 32.
Ne6 Re8 33. b3 R5xe6 34. fxe6 Rxe6 35. Bh3 1-0

[Event "Late-Titled-Tuesday-Blitz-February-13-2024"]
[Site "Chess.com"]
[Date "2024.02.13"]
[Round "5"]
[White "AlexPapasimakopoulos"]
[Black "ChristopherYoo"]
[Result "0-1"]
[WhiteElo "2779"]
[BlackElo "2977"]
[TimeControl "180+1"]
[EndTime "14:54:34 PST"]
[Termination "ChristopherYoo won by resignation"]

1. d4 Nf6 2. c4 e6 3. Nc3 Bb4 4. Qc2 d5 5. cxd5 exd5 6. Bg5 h6 7. Bxf6 Qxf6 8. e3 Bf5 9. Qb3 c5 10. Nf3 Nc6 11. a3 c4 12. Qa4 Bxc3+ 13. bxc3 a6 14. Be2 b5 15. Qd1 O-O 16. O-O a5 17. Qd2 Rfb8 18.
h3 Qd6 19. Rfc1 b4 20. axb4 axb4 21. Rxa8 Rxa8 22. cxb4 Qxb4 23. Qxb4 Nxb4 24. Ne1 Ra3 25. Kf1 c3 26. g4 Bg6 27. f4 Be4 28. Bf3 Na2 29. Ra1 Bxf3 30. Nc2 Ra4 0-1

[Event "Late-Titled-Tuesday-Blitz-February-13-2024"]
[Site "Chess.com"]
[Date "2024.02.13"]
[Round "5"]
[White "expii"]
[Black "akanga001"]
[Result "0-1"]
[WhiteElo "2172"]
[BlackElo "2018"]
[TimeControl "180+1"]
[EndTime "14:54:34 PST"]
[Termination "akanga001 won on time"]

1. e4 e6 2. d4 d5 3. e5 c5 4.
c3 Nc6 5. Nf3 Nge7 6. Be2 cxd4 7.
cxd4 Nf5 8. O-O Be7 9. Nc3 a6 10. Be3 g5 11. h3 h5 12. Bd3 Bd7 13. Bxf5 exf5 14. Nxd5 f4 15. Bd2 Be6 16. Nxe7 Qxe7 17.
Bc3 g4 18. d5 Rd8 19. d6 Qf8 20. Nd4 Nxd4 21. Bxd4 Qg7 22. Kh1 gxh3 23. gxh3 Bxh3 24. Rg1 Qh6 25. Kh2 Bf5 26. e6 fxe6 0-1

[Event "Late-Titled-Tuesday-Blitz-February-13-2024"]
[Site "Chess.com"]
[Date "2024.02.13"]
[Round "5"]
[White "Alblooshi_Hamad"]
[Black "Nemsko"]
[Result "1-0"]
[WhiteElo "2250"]
[BlackElo "2382"]
[TimeControl "180+1"]
[EndTime "14:54:36 PST"]
[Termination "Alblooshi_Hamad won by resignation"]

1. d4 Nf6 2. c4 e6 3. Nf3 b6 4. a3 Ba6 5. Qc2 d5 6. cxd5 exd5 7. g3 Bd6 8. Bg2 O-O 9. O-O Re8 10. Nc3 c6 11.
Re1 h6 12. Bf4 Bxf4 13. gxf4 Qd6 14. Ne5 Bc8 15. e3 Na6 16. Qe2 Nc7 17. Rad1 Bb7 18. Qf3 Nd7 19. Qh5 Nxe5 20. fxe5 Qe7 21. f4 f6 22. Ne2 Qf7 23. Qh3 Bc8 24. Qg3 f5 25.
Rc1 Bb7 26. Qh3 Ne6 27. Ng3 Rf8 28. Bf3 Kh7 29. Bd1 Rac8 30. Nxf5 Ba6 31. Bc2 Kh8 32. Nd6 Qe7 33. Nxc8 Bxc8 34. Qh5 Bd7 35. Qg6 1-0

[Event "Late-Titled-Tuesday-Blitz-February-13-2024"]
[Site "Chess.com"]
[Date "2024.02.13"]
[Round "5"]
[White "AsaHoffmann"]
[Black "amiqu"]
[Result "1-0"]
[WhiteElo "2434"]
[BlackElo "2146"]
[TimeControl "180+1"]
[EndTime "14:54:37 PST"]
[Termination "AsaHoffmann won by resignation"]

1. d4 Nf6 2. Bg5 d5 3. Nd2 Nbd7 4. e3 h6 5. Bh4 c5 6. c3 e6 7. f4 Bd6 8. Bd3 cxd4 9. cxd4 b6 10. Ngf3 Bb7 11.
O-O O-O 12. Ne5 Be7 13. Qf3 Ne4 14. Bxe7 Nxd2 15. Qe2 Qxe7 16. Qxd2 Nf6 17. Rac1 Rac8 18. h3 Ne4 19. Bxe4 dxe4 20. Rc3 f6 21. Ng6 Qd7 22.
Nxf8 Rxf8 23. Rfc1 Ba6 24. Rc7 Qd5 25. Rxa7 Ra8 26.
Rxa8+ Qxa8 27. Qc3 Qd5 28. b3 Qh5 29. Qc6 Qe2 30.
Qxe6+ Kf8 31. Qxe4 Kg8 32. d5 Bb7 33. Rc7 Qd1+ 34. Kh2 Bxd5 35. Qg6 Bf7 36. Qxf7+ 1-0

[Event "Late-Titled-Tuesday-Blitz-February-13-2024"]
[Site "Chess.com"]
[Date "2024.02.13"]
[Round "5"]
[White "N_I_Chess"]
[Black "cristianserban1"]
[Result "1-0"]
[WhiteElo "2293"]
[BlackElo "2489"]
[TimeControl "180+1"]
[EndTime "14:54:37 PST"]
[Termination "N_I_Chess won on time"]

1. d4 g6 2. c4 Bg7 3. Nc3 d6 4. e4 Nc6 5. d5 Nd4 6. Be3 c5 7. h3 Qa5 8. Ne2 Nxe2 9. Bxe2 Nf6 10.
O-O O-O 11. Qc2 a6 12. a4 Nd7 13. f4 Bd4 14. Qd3 Qb6 15. Rfb1 e5 16. dxe6 Ne5 17. fxe5 dxe5 18. e7 Re8 19. Nd5 Qd6 20. Rf1 f5 21. Bxd4 cxd4 22. exf5 Bxf5 23. Rxf5 gxf5 24. Qxf5 Kg7 25.
Bd3 1-0

[Event "Late-Titled-Tuesday-Blitz-February-13-2024"]
[Site "Chess.com"]
[Date "2024.02.13"]
[Round "5"]
[White "kids2010"]
[Black "KetiTsatsalashvili"]
[Result "1-0"]
[WhiteElo "2765"]
[BlackElo "2463"]
[TimeControl "180+1"]
[EndTime "14:54:38 PST"]
[Termination "kids2010 won by resignation"]

1. e4 c5 2. c3 Nf6 3. e5 Nd5 4. Nf3 e6 5. d4 cxd4 6. cxd4 Nc6 7. Bc4 d6 8. O-O dxe5 9. dxe5 Nb6 10. Bd3 Nb4 11.
Bb5+ Bd7 12. Bxd7+ Qxd7 13. Nc3 Qxd1 14. Rxd1 Be7 15. a3 N4d5 16. Ne4 O-O 17. Bg5 Bxg5 18. Nfxg5 Nc4 19. Nf3 f6 20. exf6 gxf6 21. b3 Ncb6 22. Nc5 e5 23. Nxb7 Nc3 24. Re1 Nbd5 25. Nd6 Rab8 26. b4 a5 27. bxa5 Ra8 28. Nc4 Ra6 29. Nfd2 Rc8 30. g3 Rac6 31. Ne3 Rc5 32. Kg2 Rxa5 33.
Rac1 Rxa3 34. Nxd5 Rd8 35. Rxc3 Rxc3 36. Nxc3 Rxd2 37.
Ne4 Ra2 38. Nxf6+ Kf7 39. Nd7 1-0

[Event "Late-Titled-Tuesday-Blitz-February-13-2024"]
[Site "Chess.com"]
[Date "2024.02.13"]
[Round "5"]
[White "HaryKane"]
[Black "Savagelittlemole"]
[Result "1-0"]
[WhiteElo "2602"]
[BlackElo "2456"]
[TimeControl "180+1"]
[EndTime "14:54:39 PST"]
[Termination "HaryKane won by resignation"]

1. e4 c5 2. Nf3 d6 3. d4 cxd4 4. Nxd4 Nf6 5. Nc3 a6 6. Bc4 e6 7.
Bb3 b5 8. f3 Be7 9. Be3 O-O 10.
Qd2 Qc7 11. g4 Nc6 12. g5 Ne8 13. Nd5 Nxd4 14. Nxe7+ Qxe7 15. Qxd4 d5 16. exd5 exd5 17. O-O-O Be6 18. h4 a5 19. a3 b4 20. a4 Nd6 21.
Bf4 Nc4 22. Bxc4 dxc4 23. Bd6 Qd7 24. Bxf8 Qxd4 25. Rxd4 Kxf8 26. Re1 g6 27. Re5 Ke7 28. Rxc4 f6 29. gxf6+ Kxf6 30. Rcc5 b3 31. Rxa5 Rd8 32. Re3 Bf5 33. Rxb3 Re8 34. Rb6+ Kg7 35. Rxf5 gxf5 36.
a5 Re3 37. Rb3 Re5 38. a6 Ra5 39. Ra3 1-0

[Event "Late-Titled-Tuesday-Blitz-February-13-2024"]
[Site "Chess.com"]
[Date "2024.02.13"]
[Round "5"]
[White "mbojan"]
[Black "PolandHussars"]
[Result "1-0"]
[WhiteElo "2855"]
[BlackElo "2626"]
[TimeControl "180+1"]
[EndTime "14:54:46 PST"]
[Termination "mbojan won by resignation"]

1. a3 d5 2. Nf3 Bg4 3. c4 Bxf3 4. gxf3 Nf6 5. Qb3 b6 6. cxd5 Qxd5 7. Qxd5 Nxd5 8. Nc3 e6 9. e3 Be7 10. Rg1 O-O 11.
f4 Nd7 12. Bb5 N7f6 13. Ke2 Rad8 14. d4 c5 15. Nxd5 Nxd5 16. dxc5 Bxc5 17. Bd2 g6 18. Rac1 Nf6 19. b4 Ne4 20. Be1 Be7 21. Bc6 Nd6 22. Bd2 Bf6 23. a4 Nf5 24. Be4 Nd6 25. Bd3 Kg7 26. Rc7 e5 27. fxe5 Bxe5 28. Rxa7 Bxh2 29.
Bc3+ Kg8 30. Rh1 Nc8 31. Rb7 Bd6 32. Bxg6 Rfe8 33. Bxf7+ 1-0

[Event "Late-Titled-Tuesday-Blitz-February-13-2024"]
[Site "Chess.com"]
[Date "2024.02.13"]
[Round "5"]
[White "Malev212"]
[Black "AlexeiShirov"]
[Result "0-1"]
[WhiteElo "2674"]
[BlackElo "2870"]
[TimeControl "180+1"]
[EndTime "14:54:52 PST"]
[Termination "AlexeiShirov won by resignation"]

1. e4 e5 2. Nf3 Nc6 3. Bb5 a6 4. Ba4 Nf6 5. O-O b5 6. Bb3 Bc5 7. Nc3 d6 8. a4 Rb8 9. axb5 axb5 10.
Nd5 Nxd5 11. Bxd5 Ne7 12. Bb3 O-O 13. c3 Ng6 14. d4 Bb6 15. h3 h6 16. Re1 Qf6 17.
Be3 Nf4 18. Kh2 c5 19. dxe5 dxe5 20. Bxf4 Qxf4+ 21. g3 Qf6 22. Bd5 c4 23. Kg2 Be6 24.
Qe2 Rfe8 25. Red1 Bc8 26. Nh2 Qg6 27. Ng4 h5 28. Ne3 h4 29. Qf3 hxg3 30. fxg3 Bxe3 31.
Qxe3 b4 32. Rd2 Be6 33. Ra6 Red8 34. Rf2 Rxd5 35. Rxe6 Qxe6 36. exd5 Qxd5+ 0-1

[Event "Late-Titled-Tuesday-Blitz-February-13-2024"]
[Site "Chess.com"]
[Date "2024.02.13"]
[Round "5"]
[White "SCIM"]
[Black "Eloist"]
[Result "1-0"]
[WhiteElo "2593"]
[BlackElo "2438"]
[TimeControl "180+1"]
[EndTime "14:54:52 PST"]
[Termination "SCIM won on time"]

1. e4 e6 2. d4 d5 3. Nd2 c5 4.
exd5 Qxd5 5. Ngf3 cxd4 6. Bc4 Qd6 7. O-O Nf6 8. Nb3 Nc6 9. Nbxd4 Nxd4 10. Nxd4 a6 11. Re1 Qc7 12. Bd3 Bd6 13. h3 O-O 14.
Bg5 Nd5 15. Qf3 Bh2+ 16. Kh1 Bf4 17. Bxf4 Qxf4 18. Be4 Qxf3 19. Bxf3 Nf6 20. b3 Rb8 21. c4 b6 22. Nc6 Rb7 23. Rad1 Rc7 24. Rd6 Bb7 25. Ne5 Bxf3 26. Nxf3 Rb8 27. Rc1 Ne4 28. Rd4 f5 29. Kg1 b5 30. Ne5 bxc4 31. Rdxc4 Rxc4 32. Rxc4 h6 33. f3 Nf6 34. Rc6 Rd8 35.
Rxe6 Rd1+ 36. Kh2 a5 37. Ra6 Rd5 38. Nc4 f4 39. Rxa5 Rd1 40. Rf5 1-0

[Event "Late-Titled-Tuesday-Blitz-February-13-2024"]
[Site "Chess.com"]
[Date "2024.02.13"]
[Round "5"]
[White "Smiechu"]
[Black "babero_gordo"]
[Result "1-0"]
[WhiteElo "2431"]
[BlackElo "2143"]
[TimeControl "180+1"]
[EndTime "14:54:52 PST"]
[Termination "Smiechu won by checkmate"]

1. e4 c5 2. Nf3 e6 3. d4 cxd4 4.
Nxd4 Nc6 5. Nc3 Qc7 6. Be3 a6 7. Bd3 Be7 8. O-O Nf6 9. f4 d6 10. Qf3 O-O 11. Rae1 Bd7 12. Nxc6 Bxc6 13. Qh3 e5 14. fxe5 dxe5 15. Nd5 Bxd5 16. exd5 e4 17. Be2 Bc5 18. c4 Bxe3+ 19. Qxe3 Qe5 20. b3 Rae8 21. Rf4 Qb2 22. Ref1 Re5 23. R4f2 Rfe8 24. Qg3 Qd4 25. Kh1 e3 26. Rxf6 Qd2 27. Rxf7 g6 28.
Qf3 Rf5 29. Rxf5 gxf5 30. Qxf5 Qxe2 31. Qf7+ Kh8 32. Qxe8+ Kg7 33. Qf8+ Kg6 34. Qf6+ Kh5 35. Rf5+ Kg4 36. Qg5# 1-0

[Event "Late-Titled-Tuesday-Blitz-February-13-2024"]
[Site "Chess.com"]
[Date "2024.02.13"]
[Round "5"]
[White "Szparu"]
[Black "SHIVACalypso"]
[Result "0-1"]
[WhiteElo "2775"]
[BlackElo "2507"]
[TimeControl "180+1"]
[EndTime "14:54:54 PST"]
[Termination "SHIVACalypso won by checkmate"]

1. e4 e6 2. d4 d5 3. Nc3 Nf6 4. Bg5 Be7 5. e5 Nfd7 6. h4 a6 7. Qg4 Kf8 8. O-O-O c5 9. dxc5 Nxe5 10. Qg3 Nbc6 11.
f4 Nd7 12. h5 h6 13. Bxe7+ Qxe7 14. Nf3 Nxc5 15. Qe1 Bd7 16. Ne2 Rc8 17. Ned4 Nxd4 18. Rxd4 Qf6 19. Ne5 Bc6 20. g3 Kg8 21. Kb1 Kh7 22.
Qb4 Ne4 23. Bd3 Rhd8 24. a4 Kg8 25. Nxc6 bxc6 26. Rxe4 dxe4 27. Qxe4 Rb8 28. b3 Qc3 29.
Ka2 Rxb3 30. cxb3 Rxd3 31. Rh2 Qxb3+ 32. Ka1 Rd1+ 33. Qb1 Rxb1# 0-1